 Dungeon Crawl Stone Soup version 0.30-a0-364-gf6b3ef1049 (webtiles) character file.

Game seed: 9961158554891046339

744 Devinter the Sneak (level 7, -2/36 HPs)
             Began as a Deep Elf Air Elementalist on Nov 16, 2022.
             Slain by a wight
             ... wielding a +3 scimitar
              (15 damage)
             ... on level 6 of the Dungeon.
             The game lasted 00:31:47 (4294 turns).

Devinter the Sneak (Deep Elf Air Elementalist)      Turns: 4294, Time: 00:31:47

Health: -2/36      AC:  7    Str:  5    XL:     7   Next: 47%
Magic:  10/18      EV: 16    Int: 22    God:
Gold:   129        SH:  0    Dex: 15    Spells: 8/18 levels left

rFire   + . .      SeeInvis .    v - +7 scimitar
rCold   + + .      Faith    .    (no shield)
rNeg    . . .      Spirit   .    G - +3 leather armour {rPois}
rPois   +          Reflect  .    (no helmet)
rElec   .          Harm     .    n - scarf {rC+ rF+}
rCorr   .          Rampage  .    (no gloves)
Will    .....                    d - +0 pair of boots
Stlth   +++.......               o - amulet of regeneration
HPRegen 1.06/turn                t - +4 ring of evasion
MPRegen 0.16/turn                u - ring of protection from cold

@: no status effects
A: no striking features
a: no special abilities


You were on level 6 of the Dungeon.
You visited 1 branch of the dungeon, and saw 6 of its levels.

You collected 129 gold pieces.

Inventory:

Hand Weapons
 f - a +0 short sword
 q - a +2 long sword of holy wrath
 v - a +7 scimitar (weapon)
 I - a +0 rapier
Missiles
 m - 15 poisoned darts (quivered)
 C - 6 javelins
 E - 5 boomerangs
Armour
 a - a +0 robe
 d - a +0 pair of boots (worn)
 n - a scarf of resistance (worn)
 G - a +3 leather armour of poison resistance (worn)
Jewellery
 l - a ring of protection from fire
 o - an amulet of regeneration (around neck)
 t - a +4 ring of evasion (left hand)
 u - a ring of protection from cold (right hand)
Wands
 z - a wand of digging (5)
Scrolls
 c - 4 scrolls of identify {unknown}
 h - a scroll of immolation {unknown}
 i - 3 scrolls of teleportation {unknown}
 p - 2 scrolls of fog {unknown}
 s - a scroll of acquirement {unknown}
 w - 2 scrolls of vulnerability {unknown}
 x - a scroll of magic mapping {unknown}
 y - a scroll of enchant weapon {unknown}
 H - a scroll of amnesia {unknown}
Potions
 b - 2 potions of magic
 e - 2 potions of brilliance {unknown}
 g - a potion of flight
 j - a potion of degeneration
 k - 3 potions of haste
 r - a potion of attraction {unknown}
 A - a potion of might {unknown}
 B - 2 potions of berserk rage {unknown}
 F - 2 potions of mutation {unknown}


   Skills:
 - Level 3.0 Short Blades
 - Level 3.0 Dodging
 + Level 6.4 Stealth
 + Level 6.4 Spellcasting
 - Level 3.0 Conjurations
 - Level 3.0 Summonings
 - Level 3.0 Air Magic


You had 8 spell levels left.
You knew the following spells:

 Your Spells              Type           Power      Damage    Failure   Level
a - Shock                 Conj/Air       80%        1d8       4%          1
b - Static Discharge      Conj/Air       40%        2-4/arc   6%          2
c - Swiftness             Air            20%        N/A       13%         3
d - Summon Lightning Spi  Summ/Air       20%        N/A       38%         4

Your spell library contained the following spells:

 Spells                   Type           Power      Damage    Failure   Level
 Cigotuvi's Dreadful Rot  Necr/Pois/Air  22%        N/A       14%         2
 Airstrike                Air            10%        2d(2-18)  38%         4
 Lightning Bolt           Conj/Air       10%        1d23      75%         5
 Dispel Undead            Necr           7%         3d8       82%         4
 Death Channel            Necr           3%         N/A       100%        6


Dungeon Overview and Level Annotations

Branches:
Dungeon (6/15)             Temple (0/1) D:6

Altars:
Ashenzari
Makhleb
Okawaru
Xom

Annotations:
D:3 Grinder


Message History

The wight hits your adder with a +0 trident!
There is a staircase to the Ecumenical Temple here.
Things that are here:
a +3 falchion; a +0 robe Your +2 long sword of holy wrath stops glowing.
v - a +7 scimitar (weapon)
The wight hits your white imp with a +0 trident!
The wight hits your white imp with a +3 scimitar!
Your white imp dies!
Your white imp dissolves into shadows!
Your adder bites the wight.
Your adder barely misses the wight.
The orc barely misses your adder. The wight barely misses your adder.
You see here a +0 trident.
You closely miss the wight.
The wight is lightly damaged.
Your adder bites the wight but does no damage.
The wight hits your adder with a +3 scimitar!
Your adder dies!
Your adder's corpse dissolves into shadows!
Casting: Shock (safe; 4% risk of failure)
Confirm with . or Enter, or press ? or * to list all spells.
The spell is extremely dangerous to miscast (38% risk of failure)!
Continue anyway?
An electric hum fills the air.
The wight closely misses you.
The orc hits you from afar with a +0 trident.
* * * LOW HITPOINT WARNING * * *
You hit the wight.
The wight is lightly damaged.
The wight hits you with a +3 scimitar.
* * * LOW HITPOINT WARNING * * *
The wight hits you with a +0 trident.
* * * LOW HITPOINT WARNING * * *
The orc misses you.
Your black bear bites the orc!
The orc dies!
You closely miss the wight. The wight closely misses you. x2
A boomerang of dispersal appears from out of your range of vision.
The boomerang of dispersal hits your black bear.
Your black bear blinks!
The wight hits you with a +3 scimitar!
You die...

....<..<# .#
.#.###..#####.##
#.##..........# ..
#.............#
...####..........#
.......h#888#....#
.......§8...8....#
.#..?..)zz>[8†...#
...####.8@.88....#
.# #.#888#....#
#..........#
##.###...### #.
....# #.# ..#.# #.
...... .. ......


You could see 2 wights, a friendly black bear (summoned) and a friendly
lightning spire (summoned).

Vanquished Creatures
  A centaur (D:5)
  A necrophage (D:4)
  A hound (D:4)
  A jelly (D:4)
  Terence (D:2)
  2 iguanas (D:5)
  9 adders
  9 worms
  A dart slug (D:3)
  2 orcs
  7 bats
  9 endoplasms
  2 giant cockroaches
  4 goblins
  7 hobgoblins
  10 jackals
  4 quokkas
  8 ball pythons
  2 frilled lizards (D:1)
  2 kobolds
  7 rats
90 creatures vanquished.

Vanquished Creatures (collateral kills)
  Eustachio (D:5)
  2 wights (D:6)
  An iguana (D:6)
  3 orcs (D:6)
7 creatures vanquished.

Vanquished Creatures (others)
  12 plants (D:3)
12 creatures vanquished.

Grand Total: 109 creatures vanquished

Notes
Turn   | Place    | Note
-------+----------+-------------------------------------------
     0 | D:1      | Devinter the Deep Elf Air Elementalist began the quest for
                  | the Orb.
     0 | D:1      | Reached XP level 1. HP: 10/10 MP: 6/6
   281 | D:1      | Reached XP level 2. HP: 5/15 MP: 0/8
   491 | D:1      | Reached skill level 3 in Stealth
   506 | D:1      | Reached skill level 3 in Dodging
   520 | D:1      | Learned a level 2 spell: Static Discharge
   610 | D:1      | Reached skill level 2 in Conjurations
   838 | D:2      | Reached XP level 3. HP: 19/19 MP: 0/9
  1058 | D:2      | Reached skill level 4 in Stealth
  1183 | D:2      | Found a faded altar of an unknown god.
  1361 | D:2      | Learned a level 3 spell: Swiftness
  1500 | D:2      | Noticed Terence
  1542 | D:2      | Killed Terence
  1543 | D:2      | Reached skill level 1 in Short Blades
  1543 | D:2      | Reached XP level 4. HP: 24/24 MP: 0/10
  2131 | D:3      | Reached skill level 5 in Stealth
  2131 | D:3      | Reached XP level 5. HP: 28/28 MP: 6/11
  2146 | D:3      | Learned a level 4 spell: Summon Lightning Spire
  2202 | D:3      | Found a shimmering altar of Xom.
  2377 | D:3      | Found a broken altar of Ashenzari.
  2379 | D:3      | Noticed Grinder
  2681 | D:4      | Reached skill level 3 in Conjurations
  2683 | D:4      | Reached skill level 2 in Short Blades
  2683 | D:4      | Reached skill level 1 in Summonings
  2812 | D:4      | Reached skill level 2 in Summonings
  2822 | D:4      | Reached skill level 3 in Short Blades
  2822 | D:4      | Reached XP level 6. HP: 20/32 MP: 1/12
  3341 | D:5      | Entered Level 5 of the Dungeon
  3365 | D:5      | Found a burning altar of Makhleb.
  3374 | D:5      | Reached skill level 3 in Summonings
  3658 | D:5      | Reached skill level 4 in Spellcasting
  3794 | D:5      | Noticed Eustachio
  3805 | D:5      | Killed Eustachio
  3806 | D:5      | Reached skill level 5 in Spellcasting
  3806 | D:5      | Reached XP level 7. HP: 33/36 MP: 6/17
  3913 | D:5      | Found an iron altar of Okawaru.
  4259 | D:6      | Found a staircase to the Ecumenical Temple.
  4275 | D:6      | HP: 1/34 [wight/+7 scimitar (5)]
  4284 | D:6      | Reached skill level 6 in Stealth
  4284 | D:6      | Reached skill level 6 in Spellcasting
  4294 | D:6      | Slain by a wight

Illustrated notes

Levels and vault maps discovered:
D:1:      minmay_arrival_solitary_statue, layout_rooms, corexii_hall_statues_x,
          hangedman_feature_mirror
D:2:      layout_loops_cross, shapermc_ecumenical_altar_petra, uniq_terence
D:3:      layout_rooms, mainiacjoe_overflow_catwalk_spiral, chequers_big_river,
          minmay_fractal_squares_5, uniq_grinder
D:4:      layout_loops_ring
D:5:      layout_rooms, mainiacjoe_overflow_chevrons, okawaru_trees_2,
          serial_co_window_serial, co_window_paths_b, co_window_paths_a,
          co_window_cross_1, co_window_corner_a, co_window_corner_a,
          co_window_unsneaky_path_c, co_window_cross_4, co_window_broadway_b,
          co_window_broadway_b, co_window_paths_c, co_window_broadway_c,
          co_window_paths_e, glass_columns_a, glass_columns_a, glass_columns_c,
          uniq_eustachio
D:6:      layout_rooms, nicolae_ru_great_annihilating_truth,
          minmay_temple_entry_statues, ebering_ghost_sewer_d

Skill      XL: |  1  2  3  4  5  6  7 |
---------------+----------------------+-----
Stealth        | 3 4 5 6 |  6.4
Dodging        | 3 |  3.0
Conjurations   | 2 3 |  3.0
Short Blades   | 1 3 |  3.0
Summonings     | 2 3 |  3.0
Spellcasting   | 5 6 |  6.4
Air Magic      | |  3.0

Action                   |  1- 3 |  4- 6 |  7- 9 || total
-------------------------+-------+-------+-------++-------
Melee: Short sword       |    28 |    47 |     7 ||    82
       Long sword        |       |    23 |     3 ||    26
       Scimitar          |       |       |     3 ||     3
       Punch             |       |       |     1 ||     1
Throw: Dart              |     3 |       |       ||     3
 Cast: Shock             |    65 |    74 |    10 ||   149
       Static Discharge  |     2 |       |       ||     2
       Summon Lightning  |       |     1 |     2 ||     3
  Use: Potion            |     3 |       |     1 ||     4
       Scroll            |       |       |     1 ||     1
 Stab: Sleeping          |    12 |    10 |       ||    22
       Distracted        |       |     1 |       ||     1
Armor: Robe              |     6 |    11 |       ||    17
       Leather armour    |       |       |     8 ||     8
Dodge: Dodged            |    31 |    80 |    44 ||   155

Table legend: (Time is in decaauts)
 A = Elapsed time spent in this place.
 B = Non-inter-level travel time spent in this place.
 C = Inter-level travel time spent in this place.
 D = Time resting spent in this place.
 E = Time spent auto-exploring this place.
 F = Levels seen in this place.
 G = Mean time per level.
                   A        B        C        D        E       F      G
               +--------+--------+--------+--------+--------+-----+--------+
         Total |   4284 |   4155 |    129 |    580 |   1466 |   6 |  714.0 |
       Dungeon |   4284 |   4155 |    129 |    580 |   1466 |   6 |  714.0 |
               +--------+--------+--------+--------+--------+-----+--------+

Top non-repeatable levels by time:
     D:2: 992 daAuts
     D:3: 939 daAuts
     D:5: 914 daAuts
     D:4: 743 daAuts
     D:1: 659 daAuts
     D:6: 34 daAuts
